 Dungeon Crawl Stone Soup version 0.20-a0-947-g2784f4f (webtiles) character file.

2745 galech the Grappler (level 9, -9/85 HPs)
             Began as a Troll Monk on Apr 2, 2017.
             Was a Believer of Makhleb.
             Shot with a sling bullet by Joseph (17 damage)
             ... on level 7 of the Dungeon.
             The game lasted 00:13:48 (5914 turns).

galech the Grappler (Troll Monk)                    Turns: 5914, Time: 00:13:49

Health: -9/85      AC:  5    Str: 24    XL:     9   Next: 41%
Magic:  8/8        EV: 12    Int:  6    God:    Makhleb [**....]
Gold:   175        SH:  0    Dex: 12    Spells: 8/8 levels left

rFire    . . .     SeeInvis .     - Unarmed
rCold    . . .     Gourm    +   (no shield)
rNeg     . . .     Faith    .   a - +0 robe
rPois    .         Spirit   .   (helmet restricted)
rElec    .         Reflect  .   (no cloak)
rCorr    .         Harm     .   (gloves unavailable)
MR       .....                  (boots unavailable)
Stlth    ++........             (no amulet)
Regen    0.7/turn               o - ring of fire
MPRegen  0.2/turn               f - ring of ice

@: about to teleport, very slightly contaminated
A: unfitting armour, claws 3, fast metabolism 3, gourmand, regeneration 1,
shaggy fur 1, tough skin 2
a: Minor Destruction, Renounce Religion


You were on level 7 of the Dungeon.
You worshipped Makhleb.
Makhleb was pleased with you.
You were not hungry.

You visited 2 branches of the dungeon, and saw 8 of its levels.
You also visited: Ossuary.

You collected 334 gold pieces.
You spent 159 gold pieces at shops.

Inventory:

Armour
 a - a +0 robe (worn)
Jewellery
 f - a ring of ice (right claw)
 o - a ring of fire (left claw)
 B - a +3 ring of intelligence
Wands
 u - a wand of flame (30/48)
Scrolls
 c - 3 scrolls of teleportation
 d - 5 scrolls of remove curse
 g - 3 scrolls of enchant weapon
 j - 3 scrolls of amnesia
 n - 5 scrolls of immolation
 p - a scroll of noise
 w - a scroll of random uselessness
 x - a scroll of torment
 y - 2 scrolls of fog
Potions
 e - 3 potions of degeneration
 h - 2 potions of might {unknown}
 i - 3 potions of mutation {unknown}
 k - 5 potions of lignification {unknown}
 q - 3 potions of curing {unknown}
 s - 2 potions of brilliance {unknown}
 t - 2 potions of resistance {unknown}
 v - 2 potions of heal wounds {unknown}
Comestibles
 b - 7 bread rations
 l - 2 meat rations
 m - 7 fruits
 r - 2 royal jellies


   Skills:
 + Level 4.6 Fighting
 + Level 5.8 Dodging
 + Level 3.6 Stealth
 + Level 9.8 Unarmed Combat


You had 8 spell levels left.
You didn't know any spells.

Dungeon Overview and Level Annotations

Branches:
Dungeon (7/15)             Temple (1/1) D:5

Altars:
Ashenzari
Cheibriados
Dithmenos
Fedhas
Gozag
Hepliaklqana
Kikubaaqudgha
Makhleb
Nemelex Xobeh
Okawaru
Qazlal
Ru
Sif Muna
Trog
Uskayaw
Vehumet
Wu Jian
Xom
Yredelemnul
The Shining One

Shops:
D:2 *   D:6 ?

Annotations:
D:7 Joseph; StylePro's ghost, novice MiBe


Innate Abilities, Weirdness & Mutations

You are too large for most types of armour.
You have claws for hands.
Your metabolism is lightning-fast.
You like to eat raw meat.
Your natural rate of healing is unusually fast.
You are covered in fur. (AC +1)
You have very tough skin. (AC +2)


Message History

Joseph wields an uncursed quarterstaff.
Joseph hits you with an uncursed quarterstaff!
* * * LOW HITPOINT WARNING * * *
You scratch Joseph but do no damage.
Joseph is lightly wounded.
Joseph hits you with an uncursed quarterstaff!!
* * * LOW HITPOINT WARNING * * *
You closely miss Joseph.
Joseph is lightly wounded.
Unknown command.
Blink to where?
Press: ? - help, Dir - move target cursor You are very lightly contaminated with residual magic.
As you read the scroll of blinking, it crumbles to dust.
As you read the scroll of teleportation, it crumbles to dust.
You feel strangely unstable.
Joseph unwields an uncursed quarterstaff.
Joseph wields an uncursed hunting sling of velocity.
Joseph shoots a sling bullet.
The sling bullet hits you!
You die...

#.......# ##.# #. #######[#
#.. #. ..=# #.# #. #...#
#.# .. #...#####.. #.
#.......... #.#
######...#####.#
#.####........# #.> =
####...@.........# #.. ..
#.......#........## #.#
..##.##@##.#####.....####<#
.. ...##.# #...†........ #
#.##.##.# #............
#..@(((.# #........####
####.#### ##.....#.#### #.#
##.........#
..##########........#


You could see Joseph.

Vanquished Creatures
  The ghost of kr4n3x the Magician, a novice DEWz of Vehumet (D:5)
  Sigmund (D:2)
  Menkaure (D:4)
  A hornet zombie (Ossuary)
  An orc warrior (D:6)
  A phantom (D:4)
  3 ogres
  3 wyvern zombies (Ossuary)
  4 bullfrogs
  A water moccasin skeleton (D:6)
  A scorpion (D:3)
  4 killer bees (D:7)
  A howler monkey (D:6)
  2 bullfrog zombies
  A centaur zombie (Ossuary)
  3 crimson imps
  A bullfrog skeleton (D:5)
  4 orc priests
  A hound (D:5)
  Jessica (D:2)
  An orc wizard (D:5)
  2 worker ants
  3 killer bee zombies
  A howler monkey zombie (Ossuary)
  15 mummies (Ossuary)
  A worker ant zombie (Ossuary)
  3 gnolls (D:2)
  5 adders
  2 oozes (D:3)
  2 adder zombies (Ossuary)
  4 adder skeletons
  A worm (D:4)
  4 dart slugs
  5 leopard geckos
  17 orcs
  3 giant cockroaches
  9 goblins
  12 hobgoblins
  4 quokkas
  8 bats
  5 frilled lizards
  A giant cockroach zombie (Ossuary)
  9 kobolds
  A leopard gecko skeleton (D:5)
  2 leopard gecko zombies (Ossuary)
  4 quokka zombies (Ossuary)
  6 rats
  A withered plant (Ossuary)
167 creatures vanquished.

Vanquished Creatures (others)
  3 withered plants (Ossuary)
3 creatures vanquished.

Grand Total: 170 creatures vanquished

Notes
Turn   | Place    | Note
-------+----------+-------------------------------------------
     0 | D:1      | galech the Troll Monk began the quest for the Orb.
     0 | D:1      | Reached XP level 1. HP: 23/23 MP: 0/0
   149 | D:1      | Reached XP level 2. HP: 31/31 MP: 1/1
   218 | D:1      | Reached skill level 1 in Unarmed Combat
   424 | D:1      | Reached XP level 3. HP: 37/37 MP: 2/2
   814 | D:1      | Reached skill level 2 in Unarmed Combat
   892 | D:2      | Reached XP level 4. HP: 35/45 MP: 3/3
  1038 | D:2      | Found an opulent altar of Gozag.
  1041 | D:2      | Found Gozag's Platinum Reserve.
  1041 | D:2      | Noticed Sigmund
  1049 | D:2      | Noticed Jessica
  1061 | D:2      | Killed Sigmund
  1061 | D:2      | Reached skill level 3 in Unarmed Combat
  1061 | D:2      | Reached XP level 5. HP: 18/54 MP: 4/4
  1065 | D:2      | Killed Jessica
  1065 | D:2      | Reached XP level 6. HP: 16/62 MP: 5/5
  1639 | D:3      | Reached skill level 4 in Unarmed Combat
  2218 | D:4      | Found a hide-covered altar of Uskayaw.
  2311 | D:4      | Reached skill level 5 in Unarmed Combat
  2311 | D:4      | Reached XP level 7. HP: 62/68 MP: 6/6
  2348 | D:4      | Noticed Menkaure
  2357 | D:4      | Killed Menkaure
  3321 | D:5      | Entered Level 5 of the Dungeon
  3354 | D:5      | Reached skill level 5 in Dodging
  3356 | D:5      | Noticed kr4n3x's ghost (novice DEWz)
  3366 | D:5      | Killed kr4n3x's ghost
  3366 | D:5      | Reached skill level 6 in Unarmed Combat
  3366 | D:5      | Reached XP level 8. HP: 77/78 MP: 7/7
  3441 | D:5      | Reached skill level 7 in Unarmed Combat
  3496 | D:5      | Found a sand-covered staircase.
  3501 | Ossuary  | Entered an ossuary
  3651 | Ossuary  | Reached skill level 8 in Unarmed Combat
  3957 | D:5      | Found a staircase to the Ecumenical Temple.
  3968 | Temple   | Entered the Ecumenical Temple
  4176 | Temple   | Became a worshipper of Makhleb the Destroyer
  4176 | Temple   | Reached * piety under Makhleb
  4176 | Temple   | Reached ** piety under Makhleb
  4413 | D:5      | Found a snail-covered altar of Cheibriados.
  4413 | D:5      | Found a shimmering altar of Xom.
  4671 | D:6      | Found Esewkida's Magic Scroll Shoppe.
  4683 | D:6      | Reached XP level 9. HP: 73/85 MP: 8/8
  4695 | D:6      | Reached skill level 9 in Unarmed Combat
  4773 | D:6      | Bought a scroll of teleportation for 33 gold pieces
  4773 | D:6      | Bought a scroll of identify for 22 gold pieces
  4773 | D:6      | Bought a scroll of blinking for 82 gold pieces
  4773 | D:6      | Bought a scroll of identify for 22 gold pieces
  4786 | D:6      | Found a sparkling altar of Nemelex Xobeh.
  5613 | D:7      | Noticed StylePro's ghost (novice MiBe)
  5903 | D:7      | Noticed Joseph
  5914 | D:7      | Shot with a sling bullet by Joseph

Vault maps used:
D:1:      roderic_dead_forest, minmay_hexomino_p4
D:2:      first_bread, nicolae_gozag_zags_fifth_avenue, uniq_sigmund,
          uniq_jessica
D:4:      lemuel_round_altar, minmay_strange_pillars,
          minmay_misc_feat_nine_boxes, uniq_menkaure
D:5:      gammafunk_temple_overflow_wave, minmay_temple_entry_statues,
          enter_ossuary_5, minmay_misc_feat_secret_circle
D:6:      kennysheep_mini, serial_shops, nicolae_shop_waterfront, minmay_holes
D:7:      lemuel_round_altar, uniq_joseph
Temple:   compressed_dpeg_circular_temple
Ossuary:  ossuary_zaba_flooded

Skill      XL: |  1  2  3  4  5  6  7  8  9 |
---------------+----------------------------+-----
Unarmed Combat | 1 2 3 5 6 8 9 |  9.8
Dodging        | 4 5 |  5.8
Fighting       | 4 |  4.6
Stealth        | 3 |  3.6

Action                   |  1- 3 |  4- 6 |  7- 9 || total
-------------------------+-------+-------+-------++-------
Melee: Unarmed           |   154 |   110 |   320 ||   584
       Punch             |     1 |     2 |    19 ||    22
  Use: Scroll            |       |       |    15 ||    15
       Potion            |       |       |     1 ||     1
 Stab: Sleeping          |     4 |     2 |     5 ||    11
       Distracted        |       |     1 |     4 ||     5
  Eat: Chunk             |    14 |     8 |    30 ||    52
Armor: Robe              |    88 |    24 |    51 ||   163
Dodge: Dodged            |   128 |    67 |   152 ||   347
